 Dungeon Crawl Stone Soup version 0.27-a0-1200-g94dc6ad4cf (webtiles) character file.

Game seed: 17159756966079604285

52707 Delamore the Basher (level 14, 0/88 HPs)
             Began as a Gargoyle Fighter on June 1, 2021.
             Was the Champion of Okawaru.
             Slain by a polar bear (8 damage)
             ... on level 6 of the Lair of Beasts.
             The game lasted 00:31:21 (25196 turns).

Delamore the Basher (Gargoyle Fighter)             Turns: 25196, Time: 00:31:22

Health: 0/88       AC: 30    Str: 30    XL:     14   Next: 65%
Magic:  12/17      EV:  7    Int: 14    God:    Okawaru [******]
Gold:   1528       SH: 20    Dex: 12    Spells: 13/13 levels left

rFire    . . .     SeeInvis .   Z - +9 eveningstar "Koyniwn" {freeze, rN+ Str+6 Int+4}
rCold    + + .     Faith    .   R - +1 kite shield {reflect}
rNeg     + + .     Spirit   .   n - +1 plate armour {rC+}
rPois    ∞         Reflect  +   B - +0 helmet
rElec    +         Harm     .   I - +1 cloak
rCorr    +         Rampage  .   E - +0 pair of fencer's gloves {Riposte Dex+3}
Will     +....                  F - +0 pair of boots
Stlth    ..........             g - amulet of reflection
HPRegen  0.24/turn              u - ring of resist corrosion
MPRegen  0.15/turn              K - ring of protection from cold

@: about to teleport, finesse-ful, flying
A: sickness immunity, AC +10, big wings, negative energy resistance 1,
electricity resistance, torment resistance 1, petrification resistance
a: Renounce Religion, Heroism, Finesse


You were on level 6 of the Lair of Beasts.
You worshipped Okawaru.
Okawaru was exalted by your worship.
You visited 3 branches of the dungeon, and saw 15 of its levels.
You also visited: Sewer.

You collected 1528 gold pieces.

Inventory:

Hand Weapons
 Z - the +9 eveningstar "Koyniwn" (weapon) {freeze, rN+ Str+6 Int+4}
   (Okawaru gifted it to you on level 6 of the Lair of Beasts)

   It has been specially enchanted to freeze those struck by it, causing extra
   injury to most foes and up to half again as much damage against particularly
   susceptible opponents.
   It can also slow down cold-blooded creatures.
   It affects your strength (+6).
   It affects your intelligence (+4).
   It protects you from negative energy.
Missiles
 a - 6 javelins
 z - 30 poisoned darts
 D - 2 throwing nets
 M - 2 boomerangs (quivered)
 O - 6 silver javelins
 S - 2 boomerangs of dispersal
Armour
 n - a +1 plate armour of cold resistance (worn)
 B - a +0 helmet (worn)
 E - the +0 pair of fencer's gloves (worn) {Riposte Dex+3}
   (Okawaru gifted it to you on level 3 of the Lair of Beasts)

   It affects your dexterity (+3).
 F - a +0 pair of boots (worn)
 I - a +1 cloak (worn)
 R - a +1 kite shield of reflection (worn)
Jewellery
 g - an amulet of reflection (around neck)
 u - a ring of resist corrosion (left hand)
 K - a ring of protection from cold (right hand)
Wands
 b - a wand of acid (21)
 c - a wand of iceblast (2)
 q - a wand of polymorph (7)
 s - a wand of mindburst (44)
 x - a wand of flame (8)
 L - a wand of paralysis (5)
 P - a wand of charming (10)
 Q - a wand of digging (6)
Scrolls
 f - a scroll of holy word
 j - a scroll of vulnerability
 k - 3 scrolls of enchant weapon
 l - a scroll of enchant armour
 p - 4 scrolls of teleportation
 t - 2 scrolls of immolation
 w - 3 scrolls of amnesia
 A - a scroll of silence
 N - a scroll of fog
 V - a scroll of noise {unknown}
 W - a scroll of magic mapping {unknown}
 X - 2 scrolls of identify
 Y - a scroll of torment {unknown}
Potions
 d - 4 potions of might
 e - a potion of curing
 h - 4 potions of degeneration
 i - 4 potions of mutation {unknown}
 m - 4 potions of brilliance
 o - 10 potions of ambrosia
 r - 3 potions of flight {unknown}
 v - a potion of invisibility {unknown}
 G - 4 potions of lignification {unknown}
 H - 2 potions of attraction {unknown}
 J - 3 potions of heal wounds {unknown}
 T - a potion of cancellation {unknown}
 U - a potion of resistance {unknown}
Miscellaneous
 C - a condenser vane


   Skills:
 - Level 10.0 Fighting
 + Level 14.7 Maces & Flails
 - Level 5.8 Throwing
 - Level 6.2 Armour
 - Level 14.5 Shields
 - Level 5.0 Invocations
 - Level 8.2 Evocations


You had 13 spell levels left.
You didn't know any spells.
Your spell library contained the following spells:

 Spells                   Type           Power      Damage    Failure   Level
 Animate Skeleton         Necr           0%         N/A       95%         1
 Corona                   Hex            0%         N/A       95%         1
 Freeze                   Ice            0%         1d3       95%         1
 Magic Dart               Conj           0%         1d3       95%         1
 Pain                     Necr           0%         1d4       95%         1
 Shock                    Conj/Air       0%         1d3       95%         1
 Summon Small Mammal      Summ           0%         N/A       95%         1
 Blink                    Tloc           N/A        N/A       99%         2
 Call Imp                 Summ           0%         N/A       99%         2
 Ensorcelled Hibernation  Hex/Ice        0%         N/A       99%         2
 Slow                     Hex            0%         N/A       99%         2
 Static Discharge         Conj/Air       0%         N/A       99%         2
 Call Canine Familiar     Summ           0%         N/A       100%        3
 Confusing Touch          Hex            0%         N/A       100%        3
 Conjure Flame            Conj/Fire      0%         6-21      100%        3
 Dazzling Flash           Conj/Hex       0%         N/A       100%        3
 Frozen Ramparts          Ice            0%         1d2       100%        3
 Ignite Poison            Fire/Tmut/Pois 0%         N/A       100%        3
 Mephitic Cloud           Conj/Pois/Air  0%         N/A       100%        3
 Ozocubu's Armour         Ice            0%         N/A       100%        3
 Summon Guardian Golem    Hex/Summ       0%         N/A       100%        3
 Swiftness                Air            0%         N/A       100%        3
 Tukima's Dance           Hex            0%         N/A       100%        3
 Vampiric Draining        Necr           0%         2d6       100%        3
 Airstrike                Air            0%         N/A       100%        4
 Animate Dead             Necr           0%         N/A       100%        4
 Hailstorm                Conj/Ice       0%         3d3       100%        4
 Petrify                  Tmut/Erth      0%         N/A       100%        4
 Summon Ice Beast         Ice/Summ       0%         N/A       100%        4
 Summon Lightning Spire   Summ/Air       0%         N/A       100%        4
 Agony                    Necr           0%         N/A       100%        5
 Alistair's Intoxication  Tmut/Pois      0%         N/A       100%        5
 Borgnjor's Vile Clutch   Necr/Erth      0%         N/A       100%        5
 Irradiate                Conj/Tmut      0%         3d14      100%        5
 Lightning Bolt           Conj/Air       0%         1d11      100%        5
 Metabolic Englaciation   Hex/Ice        0%         N/A       100%        5
 Death Channel            Necr           0%         N/A       100%        6
 Eringya's Noxious Bog    Tmut/Pois      0%         N/A       100%        6
 Simulacrum               Ice/Necr       0%         N/A       100%        6
 Chain Lightning          Conj/Air       0%         N/A       100%        8
 Lehudib's Crystal Spear  Conj/Erth      0%         10d2      100%        8
 Absolute Zero            Ice            0%         ∞         100%        9
 Fire Storm               Conj/Fire      0%         5d1       100%        9
 Sublimation of Blood     Necr           Unusable   N/A       N/A         2

Dungeon Overview and Level Annotations

Branches:
Dungeon (8/15)             Temple (1/1) D:4            Lair (6/6) D:8
  Swamp (0/4) Lair:3       Spider (0/4) Lair:2        Slime (0/5) Lair:6
  Sewer (visited)

Altars:
Ashenzari
Dithmenos
Elyvilon
Fedhas
Gozag
Hepliaklqana
Makhleb
Nemelex Xobeh
Okawaru
Qazlal
Trog
Uskayaw
Vehumet
Wu Jian
Xom
Yredelemnul
The Shining One

Annotations:
Lair:3 exclusion: oklob plant
Lair:4 2 transporters, kuniqs's ghost, adept DsCj


Innate Abilities, Weirdness & Mutations

You are immune to sickness and miasma.
Your stone body is resilient. (AC +10)
You are immune to poison.
Your large and strong wings let you fly.
You resist negative energy. (rN+)
You are resistant to electric shocks. (rElec)
You are resistant to unholy torment.
You are immune to petrification.


Message History

The hell hound bites you. The hell hound breathes flames at you.
The blast of flame hits you but does no damage.
You barely miss the polar bear.
The polar bear is lightly wounded.
The hell hound completely misses you. You block the polar bear's attack. x2
The polar bear claws you but does no damage.
You impale the polar bear!! You freeze the polar bear.
The polar bear is almost dead.
You hear an angry growl. x4
You block the hell hound's attack.
You hear a howl!
You barely miss the polar bear.
The polar bear is almost dead.
The hell hound bites you.
* * * LOW HITPOINT WARNING * * *
The polar bear goes berserk!
As you read the scroll of teleportation, it crumbles to dust.
You feel strangely unstable. You block the hell hound's attack.
The hell hound breathes flames at you.
The blast of flame hits the hell hound.
The hell hound completely resists.
The blast of flame hits you!
* * * LOW HITPOINT WARNING * * *
The hell hound bites you but does no damage.
You block the polar bear's attack.
The polar bear claws you but does no damage.
The polar bear claws you.
* * * LOW HITPOINT WARNING * * *
You block the hell hound's attack.
Okay, then.
Okay, then.
Okay, then.
Okay, then.
Okay, then.
You feel better. You block the hell hound's attack.
You block the polar bear's attack. x2; The polar bear barely misses you.
You block the hell hound's attack. The hell hound bites you.
* * * LOW HITPOINT WARNING * * *
The polar bear bites you!
You die...

## ##.#. ##..... ##..$.
#.... #..# ###..#######
# #@hh.#...#.##### #
.....hh#h.††....#....###
###....#.#............#.
#?...#P##.#.#.#.....#P.
##..#P# ########...#...
#..## ####...P ## ##....
##P..P. ###P..P..


You could see a polar bear (berserk), a raiju and 3 hell hounds.

Vanquished Creatures
  6 hydras
  2 catoblepae
  An anaconda (Lair:6)
  5 death yaks (Lair:6)
  2 bog bodies (Lair:3)
  5 oklob plants
  An orb spider (Lair:2)
  19 elephants
  Maurice (D:8)
  3 black mambas
  A torpor snail (Lair:5)
  14 cane toads
  5 rime drakes
  10 komodo dragons
  A troll (D:8)
  A queen bee (Lair:3)
  2 polar bears
  26 blink frogs
  5 wyverns
  4 basilisks
  A wraith (Lair:6)
  35 yaks
  A steam dragon (D:8)
  A vampire mosquito (D:7)
  Menkaure (D:7)
  2 wargs (Lair:6)
  Edmund (D:4)
  An acid dragon (D:7)
  3 hell hounds (Lair:6)
  Duvessa (D:7)
  29 water moccasins
  Purgy (Sewer)
  15 black bears
  4 orc warriors
  An ice beast (D:8)
  18 wolves
  A centaur (D:7)
  A necrophage (D:6)
  2 phantoms
  A kobold brigand (D:7)
  16 bullfrogs
  A wyvern zombie (D:8)
  2 scorpions
  Dowan (D:7)
  A water moccasin skeleton (D:7)
  27 killer bees
  4 howler monkeys
  5 wights
  4 electric eels (D:8)
  7 jellies
  5 centaur zombies
  A human zombie (D:6)
  A bullfrog zombie (D:6)
  2 orc priests
  2 bullfrog skeletons
  A gnoll shaman (D:5)
  Crazy Yiuf (D:2)
  5 hounds
  An iguana (D:4)
  A centaur skeleton (D:7)
  Ijyb (D:4)
  Terence (D:3)
  Natasha (thrice) (D:4)
  3 orc wizards
  7 hell rats (Lair:6)
  2 killer bee zombies
  4 mummies (D:6)
  A howler monkey zombie (D:6)
  12 adders
  7 gnolls
  2 howler monkey skeletons
  A river rat (D:6)
  2 shadow imps (D:6)
  2 white imps
  2 adder skeletons (D:2)
  4 worms
  3 dart slugs
  21 orcs
  11 ball pythons
  4 bats
  10 endoplasms
  3 giant cockroaches
  9 goblins
  9 hobgoblins
  5 jackals
  5 quokkas
  3 frilled lizards
  12 kobolds
  10 rats
  A bush (Lair:3)
482 creatures vanquished.

Vanquished Creatures (others)
  Josephine (Lair:6)
  A hydra (Lair:6)
  A death yak (Lair:6)
  3 wraiths (Lair:6)
  23 fungi
  75 plants
104 creatures vanquished.

Grand Total: 586 creatures vanquished

Notes
Turn   | Place    | Note
-------+----------+-------------------------------------------
     0 | D:1      | Delamore the Gargoyle Fighter began the quest for the Orb.
     0 | D:1      | Reached XP level 1. HP: 14/14 MP: 1/1
   171 | D:1      | Reached XP level 2. HP: 19/19 MP: 2/2
   804 | D:2      | Reached XP level 3. HP: 15/24 MP: 3/3
  1054 | D:2      | Found a sparkling altar of Nemelex Xobeh.
  1208 | D:2      | Found a faded altar of an unknown god.
  1239 | D:2      | Noticed a black bear
  1585 | D:1      | Reached XP level 4. HP: 17/29 MP: 4/4
  2152 | D:3      | Noticed Terence
  2171 | D:3      | Killed Terence
  2172 | D:3      | Reached XP level 5. HP: 20/34 MP: 5/5
  3259 | D:4      | Found a staircase to the Ecumenical Temple.
  3271 | Temple   | Entered the Ecumenical Temple
  3436 | Temple   | Became a worshipper of Warmaster Okawaru
  3463 | D:4      | Noticed Ijyb
  3485 | D:4      | Killed Ijyb
  3509 | D:4      | Noticed Natasha
  3519 | D:4      | Killed Natasha
  3520 | D:4      | Reached skill level 5 in Maces & Flails
  3520 | D:4      | Reached XP level 6. HP: 40/40 MP: 6/6
  3528 | D:4      | Noticed Natasha
  3536 | D:4      | Killed Natasha
  3587 | D:4      | Noticed Natasha
  3592 | D:4      | Killed Natasha
  3593 | D:4      | Reached skill level 1 in Invocations
  3680 | D:4      | Reached skill level 5 in Fighting
  3850 | D:4      | Noticed a black bear
  3879 | D:5      | Entered Level 5 of the Dungeon
  3982 | D:5      | Reached * piety under Okawaru
  4174 | D:5      | Reached XP level 7. HP: 44/44 MP: 8/8
  4504 | D:4      | Noticed Edmund
  4511 | D:4      | Killed Edmund
  5044 | D:4      | Reached XP level 8. HP: 37/49 MP: 10/10
  5827 | D:2      | Found a runed translucent door.
  5828 | D:2      | Noticed Crazy Yiuf
  5836 | D:2      | Killed Crazy Yiuf
  6132 | D:5      | Reached ** piety under Okawaru
  7475 | D:6      | Found a glowing drain.
  7485 | Sewer    | Entered a sewer
  7522 | Sewer    | Noticed Purgy
  7535 | Sewer    | Killed Purgy
  7622 | Sewer    | Reached skill level 10 in Maces & Flails
  7886 | D:6      | Found a basalt altar of Yredelemnul.
  7904 | D:6      | Reached XP level 9. HP: 47/54 MP: 11/11
  8750 | D:6      | Reached *** piety under Okawaru
  9112 | D:7      | Noticed Menkaure
  9116 | D:7      | Killed Menkaure
  9296 | D:7      | Noticed Dowan
  9296 | D:7      | Noticed Duvessa
  9310 | D:7      | Killed Duvessa
  9315 | D:7      | Killed Dowan
  9843 | D:7      | Reached skill level 5 in Shields
 10172 | D:7      | Reached **** piety under Okawaru
 10192 | D:7      | Noticed a seven-headed hydra
 10569 | D:8      | Found a stormy altar of Qazlal.
 10786 | D:8      | Noticed a troll
 10799 | D:8      | Reached XP level 10. HP: 59/59 MP: 12/12
 11242 | D:8      | Found a staircase to the Lair.
 11735 | D:8      | Noticed Maurice
 11748 | D:8      | Killed Maurice
 11774 | D:8      | Reached ***** piety under Okawaru
 12111 | D:8      | Reached XP level 11. HP: 33/63 MP: 13/13
 12512 | D:7      | Noticed an eight-headed hydra
 12649 | Lair:1   | Entered Level 1 of the Lair of Beasts
 12979 | Lair:1   | Received a gift from Okawaru
 13031 | Lair:1   | Reached skill level 1 in Throwing
 13619 | Lair:1   | HP: 3/63 [komodo dragon (10)]
 14103 | Lair:1   | Received a gift from Okawaru
 14280 | Lair:1   | Received a gift from Okawaru
 14281 | Lair:1   | Reached skill level 10 in Shields
 14286 | Lair:1   | Reached skill level 5 in Armour
 14305 | Lair:1   | Reached skill level 5 in Invocations
 14935 | Lair:2   | Found a hole to the Spider Nest.
 14935 | Lair:2   | Noticed an orb spider
 15115 | Lair:2   | Reached skill level 5 in Throwing
 15752 | Lair:2   | Reached XP level 12. HP: 68/68 MP: 15/15
 17483 | Lair:3   | Noticed a five-headed hydra
 17497 | Lair:3   | Killed a five-headed hydra
 17654 | Lair:3   | Found a staircase to the Swamp.
 17667 | Lair:3   | Received a gift from Okawaru
 17677 | Lair:3   | Reached skill level 1 in Evocations
 18343 | Lair:3   | Noticed a five-headed hydra
 18358 | Lair:3   | Killed a five-headed hydra
 18655 | Lair:3   | Reached XP level 13. HP: 60/80 MP: 16/16
 18667 | Lair:3   | Received a gift from Okawaru
 19618 | Lair:3   | Received a gift from Okawaru
 19619 | Lair:3   | Found the +0 pair of fencer's gloves {Riposte Dex+3}
 19717 | Lair:4   | Found a transporter.
 19724 | Lair:4   | Noticed a dire elephant
 19726 | Lair:4   | Noticed kuniqs's ghost (adept DsCj)
 20207 | Lair:4   | Found a transporter.
 20309 | Lair:4   | Reached skill level 10 in Fighting
 20309 | Lair:4   | Reached skill level 5 in Evocations
 22624 | Lair:5   | Received a gift from Okawaru
 22625 | Lair:5   | Gained mutation: Your large and strong wings let you fly.
                  | [Gargoyle growth]
 22625 | Lair:5   | Reached XP level 14. HP: 88/88 MP: 17/17
 23578 | Lair:6   | Entered Level 6 of the Lair of Beasts
 23601 | Lair:6   | Killed Josephine
 24403 | Lair:6   | Reached ****** piety under Okawaru
 24454 | Lair:6   | Found a staircase to the Slime Pits.
 24488 | Lair:6   | Received a gift from Okawaru
 24597 | Lair:6   | Identified the +9 eveningstar "Koyniwn" {freeze, rN+ Str+6
                  | Int+4} (Okawaru gifted it to you on level 6 of the Lair of
                  | Beasts)
 24597 | Lair:6   | Received a gift from Okawaru
 25195 | Lair:6   | HP: 4/88 [polar bear (6)]
 25196 | Lair:6   | Slain by a polar bear

Illustrated notes

Levels and vault maps discovered:
D:1:      lightli_arrival_flooded_house, layout_basic
D:2:      layout_basic, basic_altar, ebering_ecumenical_altar_webs,
          minmay_joined_circles, uniq_crazy_yiuf_cottage
D:3:      layout_loops_cross, uniq_terence
D:4:      minmay_wonky_spiral, layout_gridville, minmay_temple_entry_arrows,
          uniq_natasha, uniq_edmund, uniq_ijyb
D:5:      layout_basic
D:6:      layout_basic, lemuel_mausoleum_altar_yredelemnul,
          gup_sewer_entry_bubbles, nicolae_underground_beach
D:7:      cheibrodos_quashed, layout_gridville, minmay_the_grid_2x2
          [minmay_the_grid_dragon_b, minmay_the_grid_gridbox,
          minmay_the_grid_minigrid_small, minmay_the_grid_prize_four_corners],
          uniq_menkaure, uniq_duvessa
D:8:      layout_gridville, nicolae_qazlal_style_of_elements, erik_lair_island,
          uniq_maurice
Temple:   bh_familiar_temple
Lair:1:   layout_regular_city, serial_rivers, chequers_serial_rivers_room_a,
          chequers_serial_rivers_micro_b, chequers_serial_rivers_micro_a,
          chequers_serial_rivers_micro_d, beast_lair_carwin_3,
          grunt_megastairs_4
Lair:2:   layout_cave_pods, nicolae_spider_entry_orb_guardian,
          serial_bayou_shore_b
Lair:3:   layout_hall_layers, skrybe_swamp_entry_bodies, special_room
          [special_room_bee], minmay_lair_oklob_bushes, minmay_holes,
          st_stairs_11, serial_bayou_pond_b, beast_lair_carwin_10
Lair:4:   layout_roguey, gammafunk_ghost_arena, infiniplex_staircase_pool_2,
          grunt_megastairs_1
Lair:5:   nzn_winding_woodlands_small [nzn_winding_woodlands_5x15_crooked,
          nzn_winding_woodlands_center_diamonds,
          nzn_winding_woodlands_5x15_pathside_ponds], layout_cave_pods,
          grunt_megastairs_5, lemuel_fruit_fields, lemuel_fruit_tree,
          serial_bayou_shore_b, serial_bayou_shore_b, serial_bayou_shore_b
Lair:6:   hangedman_lair_caniforms_friends, layout_loops_ring,
          nicolae_slime_entry_slimehenge, minmay_lair_oklob_chamber,
          serial_bayou_shore_a, uniq_josephine

Skill      XL: |  1  2  3  4  5  6  7  8  9 10 11 12 13 14 |
---------------+-------------------------------------------+-----
Maces & Flails | 3 4 5 6 7 10 12 13 14 | 14.7
Fighting       | 4 5 8 10 | 10.0
Invocations    | 2 3 5 |  5.0
Shields        | 5 8 10 12 13 14 | 14.5
Throwing       | 5 |  5.8
Armour         | 5 6 |  6.2
Evocations     | 3 7 8 |  8.2

Action                   |  1- 3 |  4- 6 |  7- 9 | 10-12 | 13-15 || total
-------------------------+-------+-------+-------+-------+-------++-------
Melee: Flail             |   123 |   231 |   193 |       |   344 ||   891
       Unarmed           |       |       |     8 |       |       ||     8
       Mace              |       |       |   313 |  1118 |   582 ||  2013
       Eveningstar       |       |       |       |       |    69 ||    69
Throw: Boomerang         |       |       |       |    22 |    11 ||    33
       Javelin           |       |       |       |       |    17 ||    17
       Dart              |       |       |       |       |    11 ||    11
Invok: Heroism           |       |       |     4 |    13 |     7 ||    24
       Finesse           |       |       |       |       |     5 ||     5
Evoke: Wand              |       |       |    16 |     7 |     3 ||    26
  Use: Scroll            |       |     2 |     6 |     7 |     2 ||    17
       Potion            |       |       |       |     2 |     4 ||     6
 Stab: Paralysed         |       |       |       |     6 |       ||     6
       Petrified         |       |       |       |       |    10 ||    10
Armor: Scale mail        |    54 |   126 |   203 |    16 |       ||   399
       Skin              |       |       |     2 |     3 |       ||     5
       Plate armour      |       |       |       |   499 |   419 ||   918
Dodge: Dodged            |    25 |    85 |   105 |   155 |   170 ||   540
Block: Kite shield       |   103 |   279 |   361 |  1026 |   945 ||  2714
       Reflection        |     3 |     2 |     8 |     2 |       ||    15
       Other             |       |       |     3 |       |       ||     3
       Rpst.: Mace       |       |       |       |       |    18 ||    18
       Flail             |       |       |       |       |     9 ||     9
       Eveningstar       |       |       |       |       |     1 ||     1

Table legend: (Time is in decaauts)
 A = Elapsed time spent in this place.
 B = Non-inter-level travel time spent in this place.
 C = Inter-level travel time spent in this place.
 D = Time resting spent in this place.
 E = Time spent auto-exploring this place.
 F = Levels seen in this place.
 G = Mean time per level.
                   A        B        C        D        E       F      G
               +--------+--------+--------+--------+--------+-----+--------+
         Total |  25001 |  23849 |   1152 |   5298 |  13515 |  16 | 1562.6 |
       Dungeon |  12713 |  11848 |    865 |   2552 |   6579 |   8 | 1589.1 |
        Temple |    187 |    156 |     31 |      0 |    154 |   1 |  187.0 |
          Lair |  11860 |  11604 |    256 |   2746 |   6598 |   6 | 1976.7 |
         Sewer |    239 |    239 |      0 |      0 |    184 |   1 |  239.0 |
               +--------+--------+--------+--------+--------+-----+--------+

Top non-repeatable levels by time:
  Lair:5: 2520 daAuts
     D:8: 2278 daAuts
  Lair:2: 2239 daAuts
  Lair:3: 2211 daAuts
  Lair:1: 2169 daAuts
     D:6: 2131 daAuts
     D:2: 1620 daAuts
     D:1: 1607 daAuts
  Lair:6: 1534 daAuts
     D:7: 1431 daAuts
     D:5: 1317 daAuts
     D:4: 1261 daAuts
  Lair:4: 1184 daAuts
     D:3: 1064 daAuts
   Sewer: 239 daAuts
